MONTREAL Canadiens vs NEW JERSEY Devils

Created - 25 février 2019 at 16:00

Goals
1 2 3 T
MONTREAL Canadiens 0 1 0 1
NEW JERSEY Devils 1 3 1 5
Shots
1 2 3 T
MONTREAL Canadiens 7 8 7 22
NEW JERSEY Devils 11 13 12 36

1st period

1. NEW JERSEY Devils , Duncan Keith 6 (Jakub Voracek 22, Joe Pavelski 29) at 4:35 (PP)

Penalties :
Clayton Stoner (MTL) for Roughing (Minor) at 3:27

2nd period

2. NEW JERSEY Devils , Jamie Benn 18 (John Tavares 34) at 0:49 (PP)
3. NEW JERSEY Devils , Cam Atkinson 18 (Jamie Benn 37, Duncan Keith 18) at 0:57
4. MONTREAL Canadiens , Frederick Gaudreau 3 (Anthony Mantha 13, Jacob de la Rose 9) at 2:49
5. NEW JERSEY Devils , John Tavares 17 (Ryan McDonagh 21, Duncan Keith 19) at 12:17

Penalties :
Derrick Pouliot (MTL) for Hooking (Minor) at 0:45, Mark Giordano (NJD) for Hooking (Minor) at 10:00

3rd period

6. NEW JERSEY Devils , Ondrej Palat 10 (Adam Henrique 18, J.T. Compher 6) at 10:27

Penalties :
Troy Brouwer (MTL) for Holding (Minor) at 13:06

Goalie Stats

Carter Hutton (MTL), 31 saves from 36 shots - (0,861), L, 4-14-3, 60:00 minutes
Eddie Lack (NJD), 21 saves from 22 shots - (0,955), W, 1-4-0, 60:00 minutes

Players Stats for MONTREAL Canadiens

Player Name              G  A  P  +/- PIM S  H  SB GA TA FO     MP     PP MP  PK MP  
------------------------------------------------------------------------------------
Anthony Beauvillier      0  0  0  -2  0   3  0  0  0  0  1/2    14:13   0:00   1:02 
Anthony Cirelli          0  0  0   0  0   3  1  0  0  0  6/15   15:58   0:00   1:01 
Anthony Mantha           0  1  1   1  0   1  1  0  0  0  6/13   22:05   1:02   0:12 
Brian Gionta             0  0  0   0  0   1  1  2  0  0  1/1    14:27   0:29   0:00 
Clayton Stoner           0  0  0   0  2   0  2  2  0  0  0/0    18:37   0:00   0:00 
Derrick Pouliot          0  0  0  -2  2   1  0  0  0  0  0/0    20:23   0:57   1:29 
Frederick Gaudreau       1  0  1  -1  0   3  0  0  0  0  0/1    14:10   0:00   0:00 
Greg Pateryn             0  0  0  -2  0   1  0  2  0  0  0/0    19:40   0:00   1:42 
Jacob de la Rose         0  1  1  -1  0   0  0  1  0  0  0/0    15:19   0:57   0:12 
Jason Pominville         0  0  0  -1  0   4  1  0  0  0  0/1    16:26   1:30   0:00 
Kevin Gravel             0  0  0   0  0   0  1  0  0  0  0/0    21:07   1:02   1:42 
Marian Gaborik           0  0  0   0  0   2  1  0  0  0  0/0    14:40   0:00   0:42 
Paul Martin              0  0  0   0  0   0  1  0  0  0  0/0    20:40   0:57   1:29 
Phillip Danault          0  0  0  -1  0   0  3  0  0  0  12/26  15:53   0:57   0:00 
Pierre-Luc Dubois        0  0  0   0  0   3  1  0  0  0  6/19   15:05   1:02   2:17 
Samuel Morin             0  0  0   0  0   0  1  1  0  0  0/0    19:31   1:02   0:00 
Troy Brouwer             0  0  0  -1  2   0  5  0  0  0  0/0    14:55   0:00   0:00 
Tyler Pitlick            0  0  0   0  0   0  0  0  0  0  2/4     3:37   0:00   0:56 

Players Stats for NEW JERSEY Devils

Player Name              G  A  P  +/- PIM S  H  SB GA TA FO     MP     PP MP  PK MP  
------------------------------------------------------------------------------------
Adam Henrique            0  1  1   0  0   4  1  0  0  0  14/20  16:48   0:00   0:59 
Alexander Petrovic       0  0  0   1  0   0  1  0  0  0  0/0    15:04   0:00   1:15 
Brendan Leipsic          0  0  0   0  0   0  0  0  0  0  0/0     5:58   0:00   0:00 
Cam Atkinson             1  0  1   1  0   3  1  0  0  0  1/3    18:27   0:43   1:45 
Christian Fischer        0  0  0   0  0   0  2  0  0  0  1/1     5:58   0:00   0:00 
Duncan Keith             1  2  3   1  0   4  0  2  0  0  0/0    22:13   0:43   0:44 
J.T. Compher             0  1  1   0  0   0  0  0  0  0  0/0    15:54   0:00   0:05 
Jakub Voracek            0  1  1   1  0   5  2  0  0  0  0/1    17:47   0:43   0:00 
Jamie Benn               1  1  2   1  0   3  1  1  0  0  0/2    18:27   2:28   0:00 
Joe Pavelski             0  1  1   1  0   3  3  0  0  0  11/21  16:42   0:43   0:00 
John Tavares             1  1  2   1  0   3  2  0  0  0  19/25  19:32   2:28   0:00 
Luke Schenn              0  0  0   1  0   0  0  1  0  0  0/0    14:16   0:00   0:27 
Mark Giordano            0  0  0   0  2   1  5  1  0  0  0/0    22:42   2:28   0:00 
Ondrej Palat             1  0  1   0  0   7  1  0  0  0  0/2    15:49   0:00   0:00 
Roman Josi               0  0  0   0  0   1  2  1  0  0  0/0    24:15   2:28   1:32 
Ryan McDonagh            0  1  1   1  0   0  1  1  0  0  0/0    21:29   0:43   0:00 
Scott Laughton           0  0  0   0  0   0  0  0  0  0  2/6     7:07   0:00   1:09 
Steven Stamkos           0  0  0   1  0   2  1  0  0  0  0/1    19:32   2:28   0:00 

3 Stars

1 - Duncan Keith (NJD)
2 - John Tavares (NJD)
3 - Jamie Benn (NJD)

Power Play

MONTREAL Canadiens - 0 on 1 Attempt(s) - 0,00%
NEW JERSEY Devils - 2 on 3 Attempt(s) - 66,67%

Penalty Kill

MONTREAL Canadiens - 1 on 3 Attempt(s) - 33,33% - Score 0 goal in Penalty Kill
NEW JERSEY Devils - 1 on 1 Attempt(s) - 100,00% - Score 0 goal in Penalty Kill

Team Stat

MONTREAL Canadiens - Hits : 19 - Faceoff Wins : 34 - Blocked Shots : 8 - Penalty Minutes : 6
NEW JERSEY Devils - Hits : 23 - Faceoff Wins : 48 - Blocked Shots : 7 - Penalty Minutes : 2

Official

Referees : Unknown
Linesman : Unknown

Game Notes

Tyler Pitlick is injured at 13:02 of 1st period (Bruised Right Shoulder)

Finance

Level 1 -- Attendance: 5162 (73,74%) -- Ticket Income 516 200 $
Level 2 -- Attendance: 4754 (67,91%) -- Ticket Income 256 716 $
Level 3 -- Attendance: 2732 (54,64%) -- Ticket Income 57 372 $
Level 4 -- Attendance: 3938 (78,76%) -- Ticket Income 78 760 $
Luxury Box -- Attendance: 1087 (90,58%) -- Ticket Income 184 790 $
Game was played at the Prudential Center.
Total Attendance: 17673 (70,13%)
Total Ticket Income: 1 093 838 $
Other Income: 426 597 $
Total Income: 1 520 435 $

MONTREAL Canadiens

5 vs 5 Forward 
   Center                   Left Wing                Right Wing               Time % Phy DF OF 
 1 Pierre-Luc Dubois        Anthony Beauvillier      Anthony Mantha           25     1   2  2  
 2 Phillip Danault          Troy Brouwer             Jason Pominville         25     1   2  2  
 3 Anthony Cirelli          Marian Gaborik           Brian Gionta             25     1   2  2  
 4 Tyler Pitlick            Jacob de la Rose         Frederick Gaudreau       25     1   2  2  

5 vs 5 Defense 
   Defense                  Defense                                           Time % Phy DF OF 
 1 Samuel Morin             Paul Martin                                       34     1   2  2  
 2 Derrick Pouliot          Greg Pateryn                                      34     1   2  2  
 3 Clayton Stoner           Kevin Gravel                                      32     1   2  2  
 4 Derrick Pouliot          Greg Pateryn                                      0      1   2  2  

PowerPlay Forward 
   Center                   Left Wing                Right Wing               Time % Phy DF OF 
 1 Pierre-Luc Dubois        Jason Pominville         Anthony Mantha           60     1   2  2  
 2 Phillip Danault          Tyler Pitlick            Jason Pominville         40     1   2  2  

PowerPlay Defense
   Defense                  Defense                                           Time % Phy DF OF 
 1 Paul Martin              Derrick Pouliot                                   60     1   2  2  
 2 Samuel Morin             Kevin Gravel                                      40     1   2  2  

Penalty Kill 4 Players Forward 
   Center                   Wing                     Time % Phy DF OF 
 1 Pierre-Luc Dubois        Tyler Pitlick            60     1   2  2  
 2 Jacob de la Rose         Anthony Mantha           40     1   2  2  

Penalty Kill 4 Players Defense
   Defense                  Defense                  Time % Phy DF OF 
 1 Greg Pateryn             Kevin Gravel             60     1   2  2  
 2 Paul Martin              Derrick Pouliot          40     1   2  2  

Penalty Kill - 3 Players Forward 
   Forward                                           Time % Phy DF OF 
 1 Anthony Cirelli                                   60     1   2  2  
 2 Pierre-Luc Dubois                                 40     1   2  2  

Penalty Kill - 3 Players Defense
   Defense                  Defense                  Time % Phy DF OF 
 1 Kevin Gravel             Derrick Pouliot          60     1   2  2  
 2 Paul Martin              Clayton Stoner           40     1   2  2  

4 vs 4 Forward 
   Center                   Wing                     Time % Phy DF OF 
 1 Anthony Cirelli          Jacob de la Rose         60     1   2  2  
 2 Tyler Pitlick            Anthony Mantha           40     1   2  2  

4 vs 4 Defense
   Defense                  Defense                  Time % Phy DF OF 
 1 Derrick Pouliot          Paul Martin              60     1   2  2  
 2 Greg Pateryn             Clayton Stoner           40     1   2  2  

Last Minutes Offensive
   Center                   Left Wing                Right Wing               Defense                  Defense                  
   Pierre-Luc Dubois        Anthony Beauvillier      Anthony Mantha           Samuel Morin             Paul Martin              

Last Minutes Defensive
   Center                   Left Wing                Right Wing               Defense                  Defense                  
   Pierre-Luc Dubois        Anthony Beauvillier      Anthony Mantha           Samuel Morin             Paul Martin              

Goaltenders
Starting : Carter Hutton            
Backup : Kari Lehtonen            

Extra Forwards
Normal : Anthony Mantha, Pierre-Luc Dubois, Tyler Pitlick - PP : Jacob de la Rose, Tyler Pitlick - PK : Anthony Cirelli
Extra Defensemen
Normal : Greg Pateryn, Derrick Pouliot, Paul Martin - PP : Derrick Pouliot - PK : Paul Martin, Derrick Pouliot
Penalty Shots
Pierre-Luc Dubois, Anthony Cirelli, Tyler Pitlick, Jason Pominville, Anthony Mantha

NEW JERSEY Devils

5 vs 5 Forward 
   Center                   Left Wing                Right Wing               Time % Phy DF OF 
 1 John Tavares             Jakub Voracek            Steven Stamkos           32     1   2  2  
 2 Joe Pavelski             Jamie Benn               Cam Atkinson             30     1   2  2  
 3 Adam Henrique            Ondrej Palat             J.T. Compher             28     1   2  2  
 4 Scott Laughton           Brendan Leipsic          Christian Fischer        10     1   2  2  

5 vs 5 Defense 
   Defense                  Defense                                           Time % Phy DF OF 
 1 Mark Giordano            Roman Josi                                        40     1   2  2  
 2 Ryan McDonagh            Duncan Keith                                      40     1   2  2  
 3 Luke Schenn              Alexander Petrovic                                10     1   2  2  
 4 Luke Schenn              Alexander Petrovic                                10     1   2  2  

PowerPlay Forward 
   Center                   Left Wing                Right Wing               Time % Phy DF OF 
 1 John Tavares             Jamie Benn               Steven Stamkos           60     1   2  2  
 2 Joe Pavelski             Jakub Voracek            Cam Atkinson             40     1   2  2  

PowerPlay Defense
   Defense                  Defense                                           Time % Phy DF OF 
 1 Mark Giordano            Roman Josi                                        60     1   2  2  
 2 Ryan McDonagh            Duncan Keith                                      40     1   2  2  

Penalty Kill 4 Players Forward 
   Center                   Wing                     Time % Phy DF OF 
 1 Adam Henrique            Cam Atkinson             60     1   2  2  
 2 Joe Pavelski             Cam Atkinson             40     1   2  2  

Penalty Kill 4 Players Defense
   Defense                  Defense                  Time % Phy DF OF 
 1 Mark Giordano            Roman Josi               60     1   2  2  
 2 Luke Schenn              Duncan Keith             40     1   2  2  

Penalty Kill - 3 Players Forward 
   Forward                                           Time % Phy DF OF 
 1 Adam Henrique                                     60     1   2  2  
 2 Cam Atkinson                                      40     1   2  2  

Penalty Kill - 3 Players Defense
   Defense                  Defense                  Time % Phy DF OF 
 1 Mark Giordano            Roman Josi               60     1   2  2  
 2 Luke Schenn              Duncan Keith             40     1   2  2  

4 vs 4 Forward 
   Center                   Wing                     Time % Phy DF OF 
 1 Steven Stamkos           Cam Atkinson             60     1   2  2  
 2 John Tavares             Adam Henrique            40     1   2  2  

4 vs 4 Defense
   Defense                  Defense                  Time % Phy DF OF 
 1 Mark Giordano            Roman Josi               60     1   2  2  
 2 Ryan McDonagh            Duncan Keith             40     1   2  2  

Last Minutes Offensive
   Center                   Left Wing                Right Wing               Defense                  Defense                  
   Jamie Benn               John Tavares             Jakub Voracek            Mark Giordano            Roman Josi               

Last Minutes Defensive
   Center                   Left Wing                Right Wing               Defense                  Defense                  
   Jamie Benn               John Tavares             Jakub Voracek            Mark Giordano            Roman Josi               

Goaltenders
Starting : Eddie Lack               
Backup : Connor Hellebuyck        

Extra Forwards
Normal : Cam Atkinson, Jakub Voracek, Adam Henrique - PP : Cam Atkinson, John Tavares - PK : Adam Henrique
Extra Defensemen
Normal : Luke Schenn, Alexander Petrovic, Roman Josi - PP : Luke Schenn - PK : Alexander Petrovic, Mark Giordano
Penalty Shots
Adam Henrique, Cam Atkinson, John Tavares, Jakub Voracek, Joe Pavelski


% Time on Ice - MONTREAL Canadiens

Lines # - Real PCT - Wanted PCT - Time Play
Normal Forward
1 - 21% - 25% - 11:46
2 - 27% - 25% - 14:56
3 - 25% - 25% - 13:58
4 - 26% - 25% - 14:10
Normal Defense
1 - 34% - 34% - 18:29
2 - 33% - 34% - 17:58
3 - 34% - 32% - 18:23
4 - 0% - 0% - 0:00
PP Forward
1 - 52% - 60% - 1:02
2 - 48% - 40% - 0:57
PP Defense
1 - 48% - 60% - 0:57
2 - 52% - 40% - 1:02
PK Forward
1 - 94% - 60% - 2:59
2 - 6% - 40% - 0:12
PK Defense
1 - 53% - 60% - 1:42
2 - 47% - 40% - 1:29
PK3 Forward
1 - 0% - 60%
2 - 0% - 40%
PK3 Defense
1 - 0% - 60%
2 - 0% - 40%
44 Forward
1 - 0% - 60%
2 - 0% - 40%
44 Defense
1 - 0% - 60%
2 - 0% - 40%
Last Minute Offensive  - 0:00
Last Minute Defensive  - 0:00
Total
Forward - 60:00
Defense - 60:00

% Time on Ice - NEW JERSEY Devils

Lines # - Real PCT - Wanted PCT - Time Play
Normal Forward
1 - 31% - 32% - 17:04
2 - 29% - 30% - 15:59
3 - 29% - 28% - 15:49
4 - 11% - 10% - 5:58
Normal Defense
1 - 37% - 40% - 20:15
2 - 38% - 40% - 20:46
3 - 13% - 10% - 6:58
4 - 12% - 10% - 6:51
PP Forward
1 - 77% - 60% - 2:28
2 - 23% - 40% - 0:43
PP Defense
1 - 77% - 60% - 2:28
2 - 23% - 40% - 0:43
PK Forward
1 - 100% - 60% - 1:59
2 - 0% - 40% - 0:00
PK Defense
1 - 77% - 60% - 1:32
2 - 23% - 40% - 0:27
PK3 Forward
1 - 0% - 60%
2 - 0% - 40%
PK3 Defense
1 - 0% - 60%
2 - 0% - 40%
44 Forward
1 - 0% - 60%
2 - 0% - 40%
44 Defense
1 - 0% - 60%
2 - 0% - 40%
Last Minute Offensive  - 0:00
Last Minute Defensive  - 0:00
Total
Forward - 60:00
Defense - 60:00

Play-by-Play

1st period


0:01 of 1st period - John Tavares wins face-off versus Pierre-Luc Dubois in neutral zone.
0:12 of 1st period - Pierre-Luc Dubois is hit by Mark Giordano and loses puck.
0:23 of 1st period - Shot by Pierre-Luc Dubois.
0:23 of 1st period - Shot Blocked by Mark Giordano.
1:27 of 1st period - Shot by Jason Pominville.
1:27 of 1st period - Stopped by Eddie Lack without a rebound.
1:28 of 1st period - Anthony Cirelli wins face-off versus Adam Henrique in NEW JERSEY Devils zone.
1:49 of 1st period - Shot by Alexander Petrovic.
1:49 of 1st period - Shot Misses the Net.
2:59 of 1st period - Icing by Samuel Morin.
3:00 of 1st period - Phillip Danault wins face-off versus Cam Atkinson in MONTREAL Canadiens zone.
3:13 of 1st period - Phillip Danault is hit by Cam Atkinson and loses puck.
3:20 of 1st period - Shot by Roman Josi.
3:20 of 1st period - Shot Misses the Net.
3:22 of 1st period - Shot by Cam Atkinson.
3:22 of 1st period - Stopped by Carter Hutton without a rebound.
3:23 of 1st period - John Tavares wins face-off versus Anthony Cirelli in MONTREAL Canadiens zone.
3:27 of 1st period - Minor Penalty to Clayton Stoner for Roughing.
3:28 of 1st period - Pierre-Luc Dubois wins face-off versus John Tavares in MONTREAL Canadiens zone.
4:33 of 1st period - Shot by Duncan Keith.
4:33 of 1st period - Stopped by Carter Hutton with a rebound.
4:35 of 1st period - Shot by Duncan Keith.
4:35 of 1st period - Goal by Duncan Keith - MONTREAL Canadiens : 0 - NEW JERSEY Devils : 1.
4:36 of 1st period - Adam Henrique wins face-off versus Anthony Cirelli in neutral zone.
5:36 of 1st period - Off-side.
5:37 of 1st period - John Tavares wins face-off versus Pierre-Luc Dubois in neutral zone.
5:43 of 1st period - Mark Giordano is hit by Pierre-Luc Dubois and loses puck.
6:37 of 1st period - Shot by Cam Atkinson.
6:37 of 1st period - Shot Misses the Net.
6:39 of 1st period - Shot by Jamie Benn.
6:39 of 1st period - Stopped by Carter Hutton without a rebound.
6:40 of 1st period - Christian Fischer wins face-off versus Tyler Pitlick in MONTREAL Canadiens zone.
7:36 of 1st period - Icing by Phillip Danault.
7:37 of 1st period - Phillip Danault wins face-off versus Joe Pavelski in MONTREAL Canadiens zone.
7:39 of 1st period - Icing by Jason Pominville.
7:40 of 1st period - Phillip Danault wins face-off versus Joe Pavelski in MONTREAL Canadiens zone.
7:40 of 1st period - Phillip Danault is hit by Joe Pavelski.
7:54 of 1st period - Shot by Joe Pavelski.
7:54 of 1st period - Shot Misses the Net.
7:56 of 1st period - Shot by Jamie Benn.
7:56 of 1st period - Shot Blocked by Clayton Stoner.
8:01 of 1st period - Cam Atkinson is hit by Clayton Stoner and loses puck.
8:48 of 1st period - Shot by John Tavares.
8:48 of 1st period - Shot Misses the Net.
8:50 of 1st period - Shot by Steven Stamkos.
8:50 of 1st period - Shot Misses the Net.
8:52 of 1st period - Shot by Jakub Voracek.
8:52 of 1st period - Stopped by Carter Hutton without a rebound.
8:53 of 1st period - Adam Henrique wins face-off versus Tyler Pitlick in MONTREAL Canadiens zone.
9:23 of 1st period - Shot by Adam Henrique.
9:23 of 1st period - Shot Blocked by Samuel Morin.
9:25 of 1st period - Shot by Duncan Keith.
9:25 of 1st period - Stopped by Carter Hutton without a rebound.
9:26 of 1st period - Anthony Cirelli wins face-off versus John Tavares in MONTREAL Canadiens zone.
9:31 of 1st period - Shot by Anthony Cirelli.
9:31 of 1st period - Stopped by Eddie Lack without a rebound.
9:32 of 1st period - Joe Pavelski wins face-off versus Pierre-Luc Dubois in NEW JERSEY Devils zone.
9:59 of 1st period - Shot by Anthony Beauvillier.
9:59 of 1st period - Stopped by Eddie Lack without a rebound.
10:00 of 1st period - John Tavares wins face-off versus Anthony Cirelli in NEW JERSEY Devils zone.
10:22 of 1st period - Brian Gionta is hit by Jakub Voracek and loses puck.
10:39 of 1st period - Shot by Anthony Cirelli.
10:39 of 1st period - Stopped by Eddie Lack without a rebound.
10:40 of 1st period - Tyler Pitlick wins face-off versus Joe Pavelski in NEW JERSEY Devils zone.
10:52 of 1st period - Tyler Pitlick is hit by Mark Giordano.
11:10 of 1st period - Tyler Pitlick is hit by Mark Giordano.
11:15 of 1st period - Frederick Gaudreau is hit by Roman Josi and loses puck.
11:28 of 1st period - Shot by Anthony Beauvillier.
11:28 of 1st period - Stopped by Eddie Lack with a rebound.
11:30 of 1st period - Shot by Greg Pateryn.
11:30 of 1st period - Shot Misses the Net.
11:32 of 1st period - Shot by Greg Pateryn.
11:32 of 1st period - Shot Misses the Net.
11:34 of 1st period - Shot by Anthony Beauvillier.
11:34 of 1st period - Shot Blocked by Roman Josi.
12:26 of 1st period - Shot by Ondrej Palat.
12:26 of 1st period - Stopped by Carter Hutton with a rebound.
12:34 of 1st period - Shot by Adam Henrique.
12:34 of 1st period - Shot Blocked by Brian Gionta.
13:00 of 1st period - Shot by Steven Stamkos.
13:00 of 1st period - Stopped by Carter Hutton without a rebound.
13:01 of 1st period - Tyler Pitlick wins face-off versus Scott Laughton in MONTREAL Canadiens zone.
13:01 of 1st period - Tyler Pitlick is hit by Christian Fischer.
13:02 of 1st period - Tyler Pitlick from MONTREAL Canadiens is injured at 13:02 of 1st period (Bruised Right Shoulder).
13:03 of 1st period - John Tavares wins face-off versus Anthony Mantha in MONTREAL Canadiens zone.
13:08 of 1st period - Shot by John Tavares.
13:08 of 1st period - Shot Misses the Net.
13:29 of 1st period - Frederick Gaudreau is hit by Alexander Petrovic and loses puck.
13:34 of 1st period - Shot by Frederick Gaudreau.
13:34 of 1st period - Stopped by Eddie Lack with a rebound.
14:26 of 1st period - Ryan McDonagh is hit by Troy Brouwer and loses puck.
14:47 of 1st period - Ondrej Palat is hit by Anthony Cirelli and loses puck.
15:29 of 1st period - Shot by Joe Pavelski.
15:29 of 1st period - Shot Blocked by Brian Gionta.
15:50 of 1st period - Roman Josi is hit by Brian Gionta and loses puck.
16:47 of 1st period - Shot by Jakub Voracek.
16:47 of 1st period - Stopped by Carter Hutton without a rebound.
16:48 of 1st period - John Tavares wins face-off versus Anthony Mantha in MONTREAL Canadiens zone.
17:27 of 1st period - Shot by Jakub Voracek.
17:27 of 1st period - Stopped by Carter Hutton with a rebound.
17:49 of 1st period - Shot by Ondrej Palat.
17:49 of 1st period - Shot Misses the Net.
17:57 of 1st period - Shot by Adam Henrique.
17:57 of 1st period - Shot Misses the Net.
18:03 of 1st period - Shot by Ondrej Palat.
18:03 of 1st period - Shot Misses the Net.
18:06 of 1st period - Icing by Greg Pateryn.
18:07 of 1st period - Anthony Mantha wins face-off versus Cam Atkinson in MONTREAL Canadiens zone.
18:07 of 1st period - Anthony Mantha is hit by Joe Pavelski.
18:24 of 1st period - Shot by Joe Pavelski.
18:24 of 1st period - Shot Blocked by Greg Pateryn.
18:26 of 1st period - Shot by Joe Pavelski.
18:26 of 1st period - Stopped by Carter Hutton without a rebound.
18:27 of 1st period - Scott Laughton wins face-off versus Phillip Danault in MONTREAL Canadiens zone.
18:45 of 1st period - Icing by Mark Giordano.
18:46 of 1st period - Brian Gionta wins face-off versus Scott Laughton in NEW JERSEY Devils zone.
19:41 of 1st period - Shot by Jason Pominville.
19:41 of 1st period - Stopped by Eddie Lack without a rebound.
19:42 of 1st period - Phillip Danault wins face-off versus Adam Henrique in NEW JERSEY Devils zone.
19:55 of 1st period - Shot by Troy Brouwer.
19:55 of 1st period - Shot Hit the Post.
Goals for this period are 0 for MONTREAL Canadiens vs 1 for NEW JERSEY Devils.
Shots for this period are 7 for MONTREAL Canadiens vs 11 for NEW JERSEY Devils.

2nd period


0:01 of 2nd period - Pierre-Luc Dubois wins face-off versus Jakub Voracek in neutral zone.
0:12 of 2nd period - Shot by Anthony Beauvillier.
0:12 of 2nd period - Shot Blocked by Ryan McDonagh.
0:18 of 2nd period - Anthony Beauvillier is hit by John Tavares and loses puck.
0:31 of 2nd period - Off-side.
0:32 of 2nd period - Joe Pavelski wins face-off versus Phillip Danault in neutral zone.
0:32 of 2nd period - Joe Pavelski is hit by Phillip Danault.
0:45 of 2nd period - Minor Penalty to Derrick Pouliot for Hooking.
0:46 of 2nd period - John Tavares wins face-off versus Pierre-Luc Dubois in MONTREAL Canadiens zone.
0:49 of 2nd period - Shot by Jamie Benn.
0:49 of 2nd period - Goal by Jamie Benn - MONTREAL Canadiens : 0 - NEW JERSEY Devils : 2.
0:50 of 2nd period - Joe Pavelski wins face-off versus Phillip Danault in neutral zone.
0:57 of 2nd period - Shot by Jamie Benn.
0:57 of 2nd period - Deflect By Cam Atkinson.
0:57 of 2nd period - Goal by Cam Atkinson - MONTREAL Canadiens : 0 - NEW JERSEY Devils : 3.
0:58 of 2nd period - Adam Henrique wins face-off versus Pierre-Luc Dubois in neutral zone.
1:09 of 2nd period - Shot by Ondrej Palat.
1:09 of 2nd period - Stopped by Carter Hutton without a rebound.
1:10 of 2nd period - Phillip Danault wins face-off versus Joe Pavelski in MONTREAL Canadiens zone.
1:17 of 2nd period - Icing by Mark Giordano.
1:18 of 2nd period - Pierre-Luc Dubois wins face-off versus Joe Pavelski in NEW JERSEY Devils zone.
1:19 of 2nd period - Shot by Anthony Beauvillier.
1:19 of 2nd period - Shot Misses the Net.
1:34 of 2nd period - Off-side.
1:35 of 2nd period - John Tavares wins face-off versus Phillip Danault in neutral zone.
2:08 of 2nd period - Shot by Steven Stamkos.
2:08 of 2nd period - Stopped by Carter Hutton without a rebound.
2:09 of 2nd period - Adam Henrique wins face-off versus Pierre-Luc Dubois in MONTREAL Canadiens zone.
2:17 of 2nd period - Icing by Derrick Pouliot.
2:18 of 2nd period - Pierre-Luc Dubois wins face-off versus Jamie Benn in MONTREAL Canadiens zone.
2:29 of 2nd period - Shot by Pierre-Luc Dubois.
2:29 of 2nd period - Stopped by Eddie Lack without a rebound.
2:30 of 2nd period - Anthony Mantha wins face-off versus Ondrej Palat in NEW JERSEY Devils zone.
2:30 of 2nd period - Paul Martin is hit by Ryan McDonagh and loses puck.
2:49 of 2nd period - Shot by Frederick Gaudreau.
2:49 of 2nd period - Goal by Frederick Gaudreau - MONTREAL Canadiens : 1 - NEW JERSEY Devils : 3.
2:50 of 2nd period - John Tavares wins face-off versus Phillip Danault in neutral zone.
3:01 of 2nd period - Phillip Danault is hit by Steven Stamkos and loses puck.
3:06 of 2nd period - Shot by Jakub Voracek.
3:06 of 2nd period - Deflect By John Tavares.
3:06 of 2nd period - Shot Misses the Net.
3:35 of 2nd period - Icing by Roman Josi.
3:36 of 2nd period - John Tavares wins face-off versus Pierre-Luc Dubois in NEW JERSEY Devils zone.
3:36 of 2nd period - John Tavares is hit by Anthony Mantha.
4:43 of 2nd period - Shot by Cam Atkinson.
4:43 of 2nd period - Stopped by Carter Hutton without a rebound.
4:44 of 2nd period - Adam Henrique wins face-off versus Anthony Cirelli in MONTREAL Canadiens zone.
4:53 of 2nd period - Shot by Ondrej Palat.
4:53 of 2nd period - Stopped by Carter Hutton without a rebound.
4:54 of 2nd period - Phillip Danault wins face-off versus Joe Pavelski in MONTREAL Canadiens zone.
5:29 of 2nd period - Shot by Jamie Benn.
5:29 of 2nd period - Shot Misses the Net.
5:31 of 2nd period - Shot by Joe Pavelski.
5:31 of 2nd period - Stopped by Carter Hutton without a rebound.
5:32 of 2nd period - Adam Henrique wins face-off versus Anthony Mantha in MONTREAL Canadiens zone.
5:51 of 2nd period - Shot by Adam Henrique.
5:51 of 2nd period - Stopped by Carter Hutton without a rebound.
5:52 of 2nd period - John Tavares wins face-off versus Anthony Cirelli in MONTREAL Canadiens zone.
6:13 of 2nd period - Shot by John Tavares.
6:13 of 2nd period - Shot Misses the Net.
6:15 of 2nd period - Shot by Mark Giordano.
6:15 of 2nd period - Deflect By John Tavares.
6:15 of 2nd period - Stopped by Carter Hutton without a rebound.
6:16 of 2nd period - Anthony Mantha wins face-off versus Adam Henrique in MONTREAL Canadiens zone.
6:48 of 2nd period - Shot by Adam Henrique.
6:48 of 2nd period - Shot Blocked by Jacob de la Rose.
7:11 of 2nd period - Clayton Stoner is hit by Joe Pavelski and loses puck.
7:26 of 2nd period - Paul Martin is hit by Jamie Benn and loses puck.
7:38 of 2nd period - Shot by Marian Gaborik.
7:38 of 2nd period - Stopped by Eddie Lack without a rebound.
7:39 of 2nd period - John Tavares wins face-off versus Phillip Danault in NEW JERSEY Devils zone.
7:39 of 2nd period - John Tavares is hit by Troy Brouwer.
7:42 of 2nd period - Jakub Voracek is hit by Jason Pominville and loses puck.
7:57 of 2nd period - Shot by John Tavares.
7:57 of 2nd period - Shot Misses the Net.
8:25 of 2nd period - Luke Schenn is hit by Troy Brouwer and loses puck.
9:30 of 2nd period - Shot by Anthony Mantha.
9:30 of 2nd period - Shot Misses the Net.
9:48 of 2nd period - Shot by Pierre-Luc Dubois.
9:48 of 2nd period - Stopped by Eddie Lack without a rebound.
9:49 of 2nd period - Anthony Beauvillier wins face-off versus Joe Pavelski in NEW JERSEY Devils zone.
9:49 of 2nd period - Anthony Beauvillier is hit by Mark Giordano.
9:58 of 2nd period - Jacob de la Rose is hit by Roman Josi and loses puck.
10:00 of 2nd period - Minor Penalty to Mark Giordano for Hooking.
10:01 of 2nd period - Cam Atkinson wins face-off versus Phillip Danault in NEW JERSEY Devils zone.
10:07 of 2nd period - Icing by Paul Martin.
10:08 of 2nd period - Phillip Danault wins face-off versus Adam Henrique in MONTREAL Canadiens zone.
10:08 of 2nd period - Phillip Danault is hit by Adam Henrique.
10:28 of 2nd period - Shot by Derrick Pouliot.
10:28 of 2nd period - Stopped by Eddie Lack without a rebound.
10:29 of 2nd period - Adam Henrique wins face-off versus Pierre-Luc Dubois in NEW JERSEY Devils zone.
11:40 of 2nd period - Shot by Derrick Pouliot.
11:40 of 2nd period - Shot Misses the Net.
11:42 of 2nd period - Shot by Jacob de la Rose.
11:42 of 2nd period - Shot Misses the Net.
12:04 of 2nd period - Shot by Anthony Cirelli.
12:04 of 2nd period - Shot Misses the Net.
12:08 of 2nd period - Shot by Brian Gionta.
12:08 of 2nd period - Stopped by Eddie Lack without a rebound.
12:09 of 2nd period - John Tavares wins face-off versus Anthony Beauvillier in NEW JERSEY Devils zone.
12:17 of 2nd period - Shot by John Tavares.
12:17 of 2nd period - Goal by John Tavares - MONTREAL Canadiens : 1 - NEW JERSEY Devils : 4.
12:18 of 2nd period - John Tavares wins face-off versus Anthony Cirelli in neutral zone.
13:03 of 2nd period - Icing by Clayton Stoner.
13:04 of 2nd period - Anthony Cirelli wins face-off versus Adam Henrique in MONTREAL Canadiens zone.
13:28 of 2nd period - Icing by Pierre-Luc Dubois.
13:29 of 2nd period - Joe Pavelski wins face-off versus Pierre-Luc Dubois in MONTREAL Canadiens zone.
14:55 of 2nd period - Shot by Adam Henrique.
14:55 of 2nd period - Stopped by Carter Hutton without a rebound.
14:56 of 2nd period - John Tavares wins face-off versus Phillip Danault in MONTREAL Canadiens zone.
15:04 of 2nd period - Off-side.
15:05 of 2nd period - John Tavares wins face-off versus Anthony Cirelli in neutral zone.
15:29 of 2nd period - Shot by Jakub Voracek.
15:29 of 2nd period - Stopped by Carter Hutton with a rebound.
15:59 of 2nd period - Shot by Jason Pominville.
15:59 of 2nd period - Stopped by Eddie Lack without a rebound.
16:00 of 2nd period - Phillip Danault wins face-off versus Joe Pavelski in NEW JERSEY Devils zone.
16:18 of 2nd period - Shot by Joe Pavelski.
16:18 of 2nd period - Stopped by Carter Hutton without a rebound.
16:19 of 2nd period - Anthony Cirelli wins face-off versus Adam Henrique in MONTREAL Canadiens zone.
16:52 of 2nd period - Shot by Ondrej Palat.
16:52 of 2nd period - Shot Misses the Net.
17:05 of 2nd period - Off-side.
17:06 of 2nd period - Joe Pavelski wins face-off versus Frederick Gaudreau in neutral zone.
17:40 of 2nd period - Shot by Jamie Benn.
17:40 of 2nd period - Shot Misses the Net.
18:01 of 2nd period - Off-side.
18:02 of 2nd period - Scott Laughton wins face-off versus Phillip Danault in neutral zone.
18:02 of 2nd period - Scott Laughton is hit by Troy Brouwer.
18:34 of 2nd period - Shot by Jason Pominville.
18:34 of 2nd period - Shot Misses the Net.
18:57 of 2nd period - Off-side.
18:58 of 2nd period - Anthony Cirelli wins face-off versus Ondrej Palat in neutral zone.
19:13 of 2nd period - Off-side.
19:14 of 2nd period - Joe Pavelski wins face-off versus Anthony Mantha in neutral zone.
19:25 of 2nd period - Icing by Cam Atkinson.
19:26 of 2nd period - Anthony Mantha wins face-off versus Jamie Benn in NEW JERSEY Devils zone.
19:54 of 2nd period - Shot by Jacob de la Rose.
19:54 of 2nd period - Shot Misses the Net.
19:56 of 2nd period - Shot by Jacob de la Rose.
19:56 of 2nd period - Shot Blocked by Luke Schenn.
19:58 of 2nd period - Shot by Frederick Gaudreau.
19:58 of 2nd period - Stopped by Eddie Lack without a rebound.
19:59 of 2nd period - Adam Henrique wins face-off versus Jason Pominville in NEW JERSEY Devils zone.
19:59 of 2nd period - Adam Henrique is hit by Troy Brouwer.
Goals for this period are 1 for MONTREAL Canadiens vs 3 for NEW JERSEY Devils.
Shots for this period are 8 for MONTREAL Canadiens vs 13 for NEW JERSEY Devils.

3rd period


0:01 of 3rd period - Anthony Mantha wins face-off versus Joe Pavelski in neutral zone.
0:22 of 3rd period - Off-side.
0:23 of 3rd period - Adam Henrique wins face-off versus Phillip Danault in neutral zone.
0:26 of 3rd period - Shot by Duncan Keith.
0:26 of 3rd period - Stopped by Carter Hutton without a rebound.
0:27 of 3rd period - Adam Henrique wins face-off versus Phillip Danault in MONTREAL Canadiens zone.
0:50 of 3rd period - Shot by Jason Pominville.
0:50 of 3rd period - Stopped by Eddie Lack without a rebound.
0:51 of 3rd period - Joe Pavelski wins face-off versus Pierre-Luc Dubois in NEW JERSEY Devils zone.
0:53 of 3rd period - Icing by Cam Atkinson.
0:54 of 3rd period - Pierre-Luc Dubois wins face-off versus Joe Pavelski in NEW JERSEY Devils zone.
1:11 of 3rd period - Shot by Anthony Mantha.
1:11 of 3rd period - Deflect By Pierre-Luc Dubois.
1:11 of 3rd period - Shot Misses the Net.
1:13 of 3rd period - Shot by Paul Martin.
1:13 of 3rd period - Shot Blocked by Jamie Benn.
1:27 of 3rd period - Shot by Anthony Mantha.
1:27 of 3rd period - Shot Blocked by Duncan Keith.
1:29 of 3rd period - Shot by Pierre-Luc Dubois.
1:29 of 3rd period - Stopped by Eddie Lack without a rebound.
1:30 of 3rd period - Anthony Cirelli wins face-off versus John Tavares in NEW JERSEY Devils zone.
2:06 of 3rd period - Shot by Anthony Cirelli.
2:06 of 3rd period - Stopped by Eddie Lack without a rebound.
2:07 of 3rd period - Adam Henrique wins face-off versus Anthony Mantha in NEW JERSEY Devils zone.
2:36 of 3rd period - Shot by Greg Pateryn.
2:36 of 3rd period - Stopped by Eddie Lack without a rebound.
2:37 of 3rd period - Joe Pavelski wins face-off versus Phillip Danault in NEW JERSEY Devils zone.
2:37 of 3rd period - Joe Pavelski is hit by Phillip Danault.
2:42 of 3rd period - Jamie Benn is hit by Samuel Morin and loses puck.
3:23 of 3rd period - Off-side.
3:24 of 3rd period - Pierre-Luc Dubois wins face-off versus John Tavares in neutral zone.
3:47 of 3rd period - Shot by Anthony Beauvillier.
3:47 of 3rd period - Stopped by Eddie Lack without a rebound.
3:48 of 3rd period - Adam Henrique wins face-off versus Anthony Mantha in NEW JERSEY Devils zone.
4:09 of 3rd period - Anthony Mantha is hit by Ondrej Palat and loses puck.
5:03 of 3rd period - Shot by Anthony Cirelli.
5:03 of 3rd period - Shot Hit the Post.
5:05 of 3rd period - Shot by Anthony Cirelli.
5:05 of 3rd period - Shot Misses the Net.
5:07 of 3rd period - Shot by Marian Gaborik.
5:07 of 3rd period - Stopped by Eddie Lack without a rebound.
5:08 of 3rd period - Joe Pavelski wins face-off versus Phillip Danault in NEW JERSEY Devils zone.
6:34 of 3rd period - Shot by John Tavares.
6:34 of 3rd period - Shot Misses the Net.
6:36 of 3rd period - Shot by Mark Giordano.
6:36 of 3rd period - Stopped by Carter Hutton without a rebound.
6:37 of 3rd period - Adam Henrique wins face-off versus Anthony Cirelli in MONTREAL Canadiens zone.
7:12 of 3rd period - Adam Henrique is hit by Clayton Stoner and loses puck.
7:18 of 3rd period - Off-side.
7:19 of 3rd period - Phillip Danault wins face-off versus John Tavares in neutral zone.
7:50 of 3rd period - Shot by John Tavares.
7:50 of 3rd period - Stopped by Carter Hutton without a rebound.
7:51 of 3rd period - Joe Pavelski wins face-off versus Pierre-Luc Dubois in MONTREAL Canadiens zone.
8:50 of 3rd period - Shot by Brian Gionta.
8:50 of 3rd period - Shot Blocked by Duncan Keith.
9:06 of 3rd period - Marian Gaborik is hit by John Tavares and loses puck.
10:11 of 3rd period - Shot by Ondrej Palat.
10:11 of 3rd period - Shot Misses the Net.
10:25 of 3rd period - Shot by Adam Henrique.
10:25 of 3rd period - Stopped by Carter Hutton with a rebound.
10:27 of 3rd period - Shot by Ondrej Palat.
10:27 of 3rd period - Goal by Ondrej Palat - MONTREAL Canadiens : 1 - NEW JERSEY Devils : 5.
10:28 of 3rd period - Phillip Danault wins face-off versus Scott Laughton in neutral zone.
10:31 of 3rd period - Duncan Keith is hit by Phillip Danault and loses puck.
11:24 of 3rd period - Icing by Kevin Gravel.
11:25 of 3rd period - Adam Henrique wins face-off versus Anthony Cirelli in MONTREAL Canadiens zone.
11:40 of 3rd period - Shot by Ondrej Palat.
11:40 of 3rd period - Shot Misses the Net.
11:42 of 3rd period - Shot by Ondrej Palat.
11:42 of 3rd period - Stopped by Carter Hutton with a rebound.
11:48 of 3rd period - Shot by Ondrej Palat.
11:48 of 3rd period - Shot Misses the Net.
12:09 of 3rd period - Shot by Adam Henrique.
12:09 of 3rd period - Stopped by Carter Hutton without a rebound.
12:10 of 3rd period - John Tavares wins face-off versus Anthony Mantha in MONTREAL Canadiens zone.
12:24 of 3rd period - Shot by Jakub Voracek.
12:24 of 3rd period - Stopped by Carter Hutton with a rebound.
12:44 of 3rd period - Shot by Anthony Mantha.
12:44 of 3rd period - Stopped by Eddie Lack without a rebound.
12:45 of 3rd period - Joe Pavelski wins face-off versus Phillip Danault in NEW JERSEY Devils zone.
13:06 of 3rd period - Minor Penalty to Troy Brouwer for Holding.
13:07 of 3rd period - John Tavares wins face-off versus Pierre-Luc Dubois in MONTREAL Canadiens zone.
13:26 of 3rd period - Shot by Roman Josi.
13:26 of 3rd period - Shot Blocked by Greg Pateryn.
13:28 of 3rd period - Shot by Roman Josi.
13:28 of 3rd period - Stopped by Carter Hutton with a rebound.
13:57 of 3rd period - Roman Josi is hit by Marian Gaborik and loses puck.
15:10 of 3rd period - Shot by Adam Henrique.
15:10 of 3rd period - Shot Misses the Net.
15:18 of 3rd period - Shot by J.T. Compher.
15:18 of 3rd period - Shot Misses the Net.
15:20 of 3rd period - Shot by Ondrej Palat.
15:20 of 3rd period - Stopped by Carter Hutton without a rebound.
15:21 of 3rd period - Anthony Mantha wins face-off versus Scott Laughton in MONTREAL Canadiens zone.
15:35 of 3rd period - Jacob de la Rose is hit by Christian Fischer and loses puck.
16:32 of 3rd period - Shot by Adam Henrique.
16:32 of 3rd period - Shot Blocked by Clayton Stoner.
16:37 of 3rd period - Ondrej Palat is hit by Kevin Gravel and loses puck.
17:09 of 3rd period - Shot by Jamie Benn.
17:09 of 3rd period - Stopped by Carter Hutton without a rebound.
17:10 of 3rd period - Phillip Danault wins face-off versus John Tavares in MONTREAL Canadiens zone.
17:25 of 3rd period - Icing by Steven Stamkos.
17:26 of 3rd period - John Tavares wins face-off versus Pierre-Luc Dubois in NEW JERSEY Devils zone.
17:51 of 3rd period - Icing by Jakub Voracek.
17:52 of 3rd period - Phillip Danault wins face-off versus Steven Stamkos in NEW JERSEY Devils zone.
17:52 of 3rd period - Phillip Danault is hit by Mark Giordano.
18:02 of 3rd period - Phillip Danault is hit by Jakub Voracek and loses puck.
19:27 of 3rd period - Adam Henrique is hit by Paul Martin and loses puck.
19:44 of 3rd period - Shot by Adam Henrique.
19:44 of 3rd period - Deflect By Ondrej Palat.
19:44 of 3rd period - Stopped by Carter Hutton with a rebound.
Goals for this period are 0 for MONTREAL Canadiens vs 1 for NEW JERSEY Devils.
Shots for this period are 7 for MONTREAL Canadiens vs 12 for NEW JERSEY Devils.